 Dungeon Crawl Stone Soup version 0.31-a0-219-g8d62b2e7bb (webtiles) character file.

Game seed: 12926792298385229387

196 qw the Chopper (level 5, -1/32 HPs)
             Began as a Gargoyle Fighter on July 3, 2023.
             Slain by an orc warrior
             ... wielding a +0 scimitar
              (7 damage)
             ... on level 4 of the Dungeon.
             The game lasted 00:01:45 (2937 turns).

qw the Chopper (Gargoyle Fighter)                   Turns: 2937, Time: 00:01:46

Health: -1/32      AC: 18    Str: 22    XL:     5   Next: 75%
Magic:  5/5        EV:  8    Int:  8    God:
Gold:   198        SH:  4    Dex:  9    Spells: 4/4 levels left

rFire   . . .        Y - +0 war axe
rCold   . . .        c - +0 buckler
rNeg    + . .        f - +0 chain mail
rPois   inf          a - +2 helmet of the Bull {Will+}
rElec   +            (no cloak)
rCorr   .            (no gloves)
SInv    .            k - +1 pair of boots
Will    +....        (no amulet) Stlth
                     (no ring)
HPRegen 0.25/turn    (no ring)
MPRegen 0.09/turn

%: no passive effects
@: no status effects
A: sickness immunity, AC +4, negative energy resistance 1, electricity
resistance, torment resistance 1, petrification resistance
a: no special abilities


You were on level 4 of the Dungeon.
You visited 1 branch of the dungeon, and saw 4 of its levels.

You collected 198 gold pieces.


Innate Abilities, Weirdness & Mutations

You are immune to sickness and miasma.
Your stone body is resilient. (AC +4)
You are immune to poison.
You resist negative energy. (rN+)
You are resistant to electric shocks. (rElec)
You are resistant to unholy torment.
You are immune to petrification.


   Skills:
 - Level 3.2 Fighting
 + Level 4.8 Axes
 - Level 1.6 Throwing
 - Level 3.2 Armour
 - Level 3.2 Shields


You had 4 spell levels left.
You didn't know any spells.
Your spell library was empty.

Inventory:

Hand Weapons
 e - a +0 flail
 Y - a +0 war axe (weapon)
Missiles
 m - a javelin (quivered)
Armour
 a - the +2 helmet of the Bull (worn) {Will+}
   (You took it off Robin on level 2 of the Dungeon)

   Will:      It increases your willpower.
 c - a +0 buckler (worn)
 f - a +0 chain mail (worn)
 g - a +1 scale mail of cold resistance
 k - a +1 pair of boots (worn)
Scrolls
 j - a scroll of identify
Potions
 b - a potion of mutation
 d - a potion of might
 h - a potion of lignification
 i - a potion of haste
 l - a potion of cancellation
 n - a potion of curing

Dungeon Overview and Level Annotations

Branches:
Dungeon (4/15)
 Temple: D:4-7

Altars:
Kikubaaqudgha


Message History

The orc wizard hits you but does no damage.
The orc warrior hits you with a +0 scimitar.
The orc wizard casts a spell at you. The magic dart hits you.
You hit the orc warrior.
The orc warrior is heavily wounded.
You hit the orc wizard.
The orc warrior hits you with a +0 scimitar!
The orc wizard closely misses you.
You barely miss the orc warrior.
The orc warrior is heavily wounded.
You hit the orc wizard.
The orc warrior hits you with a +0 scimitar.
The orc wizard gestures wildly while chanting.
The orc wizard flickers and vanishes!
Deactivating autopickup; reactivate with Ctrl-A.
You hit the orc warrior.
The orc warrior is heavily wounded.
You barely miss something. The orc warrior closely misses you.
Something hits you but does no damage. x2
The orc warrior hits you but does no damage.
You barely miss the orc warrior.
The orc warrior is heavily wounded.
You barely miss something.
The orc warrior hits you but does no damage.
Something hits you.
You hit the orc warrior.
The orc warrior is heavily wounded.
You hit something.
The orc warrior hits you but does no damage.
You hear some strange, mumbled words.
A magic dart appears from out of thin air!
The magic dart hits you but does no damage.
You hit the orc warrior.
The orc warrior is severely wounded.
You slash something!
Reactivating autopickup.
You feel a bit more experienced.
The orc warrior hits you with a +0 scimitar!
You die...

### .##.. #..
..>..# . ..
.....# #.#
.##....# ....
#......# ##.>.
##.....#
......#......##
.....oo@......##
?.....)#..<....#
.##...########.#
#... .... ..(.!
.#.. ...


You could see an orc warrior and an orc.

Vanquished Creatures
  Terence (D:2)
  An orc wizard (D:4)
  Robin (D:2)
  2 adders
  4 gnolls (D:2)
  6 worms
  7 ball pythons
  9 bats
  6 endoplasms
  5 giant cockroaches
  17 goblins
  4 hobgoblins
  7 jackals (D:1)
  3 quokkas
  A frilled lizard (D:2)
  5 kobolds
  5 rats
84 creatures vanquished.

Notes
Turn   | Place    | Note
-------+----------+-------------------------------------------
     0 | D:1      | qw the Gargoyle Fighter began the quest for the Orb.
     0 | D:1      | Reached XP level 1. HP: 14/14 MP: 1/1
     0 | D:1      | 0 ||| qw: Version: 0.3-a-40-ge99b1a8
     0 | D:1      | 0 ||| qw: Game counter: 316
     0 | D:1      | 0 ||| qw: Melee chars always use a shield: true
     0 | D:1      | 0 ||| qw: God list: Okawaru
     0 | D:1      | 0 ||| qw: Allow faded altars: false
     0 | D:1      | 0 ||| qw: Do Orc after clearing Dungeon:15 true
     0 | D:1      | 0 ||| qw: Do second Lair branch before Depths: true
     0 | D:1      | 0 ||| qw: Lair rune preference: random
     0 | D:1      | 0 ||| qw: Goals: Normal, Zot:1-4, Slime:5, God:TSO, Crypt,
                  | Tomb, Abyss, Pan, Hells, Win
     0 | D:1      | 0 ||| PLANNING D:1-11
    29 | D:1      | Reached skill level 2 in Axes
    52 | D:1      | Reached XP level 2. HP: 17/19 MP: 2/2
   261 | D:1      | Reached skill level 3 in Axes
   271 | D:1      | 271 ||| Stepping ~*~*~tactically~*~*~ (hiding).
   279 | D:1      | Reached XP level 3. HP: 19/23 MP: 3/3
   342 | D:1      | 342 ||| DROPPING +0 club.
   535 | D:1      | 535 ||| Stepping ~*~*~tactically~*~*~ (stealth).
   809 | D:1      | 809 ||| UPGRADING to +0 chain mail.
   819 | D:1      | 819 ||| DROPPING +0 scale mail.
   820 | D:1      | 820 ||| UPGRADING to +0 helmet.
   825 | D:1      | 825 ||| READING 2 scrolls labelled MIEMEH KOSAR.
   826 | D:1      | 826 ||| READING 3 scrolls labelled NADWIU ZEGIMASCH.
   827 | D:1      | 827 ||| READING scroll labelled FUDGHU TUBREARA.
   828 | D:1      | 828 ||| READING 2 scrolls of identify.
   828 | D:1      | 828 ||| IDENTIFYING fuming blue potion
   829 | D:1      | 829 ||| DROPPING scroll of poison.
   862 | D:2      | Identified the +2 helmet of the Bull {Will+}
   862 | D:2      | Noticed Robin
   880 | D:2      | Killed Robin
   881 | D:2      | Reached XP level 4. HP: 8/28 MP: 4/4
   881 | D:2      | HP: 5/28 [goblin/+0 dagger[Robin] (3)]
   901 | D:2      | 901 ||| FLEEEEING.
   902 | D:2      | 902 ||| FLEEEEING.
   904 | D:2      | 904 ||| FLEEEEING.
   905 | D:2      | 905 ||| STAIRDANCE
   981 | D:2      | 981 ||| STAIRDANCE
  1007 | D:2      | 1007 ||| Stepping ~*~*~tactically~*~*~ (stealth).
  1010 | D:2      | 1010 ||| Stepping ~*~*~tactically~*~*~ (stealth).
  1011 | D:2      | 1011 ||| Stepping ~*~*~tactically~*~*~ (stealth).
  1028 | D:2      | 1028 ||| UPGRADING to +2 helmet of the Bull {Will+}.
  1038 | D:2      | 1038 ||| DROPPING +0 helmet.
  1039 | D:2      | 1039 ||| READING scroll labelled YKHLYS TOGUATZ.
  1238 | D:2      | Reached skill level 4 in Axes
  1326 | D:2      | Noticed Terence
  1327 | D:2      | 1327 ||| Stepping ~*~*~tactically~*~*~ (hiding).
  1334 | D:2      | Killed Terence
  1335 | D:2      | Reached skill level 1 in Throwing
  1438 | D:2      | 1438 ||| DROPPING +0 mace.
  1502 | D:2      | Reached XP level 5. HP: 32/32 MP: 5/5
  1646 | D:2      | 1646 ||| Stepping ~*~*~tactically~*~*~ (hiding).
  1665 | D:2      | HP: 8/32 [gnoll/+0 spear (5)]
  1670 | D:2      | HP: 6/32 [gnoll/+0 spear (1)]
  1905 | D:2      | 1905 ||| UPGRADING to +0 pair of boots.
  1910 | D:2      | 1910 ||| READING scroll labelled BESIGG FOUMESCHO.
  1911 | D:2      | 1911 ||| DRINKING 2 blue potions.
  1912 | D:2      | 1912 ||| READING 2 scrolls of identify.
  1912 | D:2      | 1912 ||| IDENTIFYING smoky orange potion
  1913 | D:2      | 1913 ||| DROPPING potion of brilliance.
  2044 | D:3      | Found an ancient bone altar of Kikubaaqudgha.
  2187 | D:3      | 2187 ||| READING scroll of enchant armour.
  2187 | D:3      | 2187 ||| ENCHANTING +0 pair of boots.
  2245 | D:3      | 2245 ||| Stepping ~*~*~tactically~*~*~ (stealth).
  2889 | D:3      | 2889 ||| READING scroll labelled MYAMECALOOT.
  2890 | D:3      | 2890 ||| READING scroll labelled ILOKKYI EWULAU.
  2891 | D:3      | 2891 ||| READING scroll labelled ATIR USAMEPRU.
  2892 | D:3      | 2892 ||| DRINKING 2 yellow potions.
  2893 | D:3      | 2893 ||| READING 3 scrolls of identify.
  2893 | D:3      | 2893 ||| IDENTIFYING murky black potion
  2894 | D:3      | 2894 ||| READING 2 scrolls of identify.
  2894 | D:3      | 2894 ||| IDENTIFYING amethyst potion
  2919 | D:4      | Noticed an orc warrior
  2920 | D:4      | 2920 ||| Stepping ~*~*~tactically~*~*~ (hiding).
  2933 | D:4      | HP: 6/32 [orc warrior/+0 scimitar (5)]
  2937 | D:4      | Slain by an orc warrior

Levels and vault maps discovered:
D:1:      onia_arrival_handbag, layout_loops_ring
D:2:      layout_rooms, minmay_misc_feat_columns,
          hangedman_decor_clover_reticule, chequers_decorated_corner,
          minmay_puff, uniq_robin, uniq_terence
D:3:      layout_basic, lemuel_round_altar, nicolae_wormholes
D:4:      layout_rooms, mainiacjoe_overflow_boulevard,
          minmay_manual_mandibuliform

Skill      XL: |  1  2  3  4 |
---------------+-------------+-----
Axes           | 2 3 4 |  4.8
Throwing       | 1 |  1.6
Fighting       | |  3.2
Armour         | |  3.2
Shields        | |  3.2

Action                     |  1- 3 |  4- 6 || total
---------------------------+-------+-------++-------
  Melee: War axe           |   105 |   141 ||   246
  Throw: Javelin           |    18 |    12 ||    30
    Use: Scroll            |     4 |     9 ||    13
         Potion            |       |     2 ||     2
 Armour: Scale mail        |    89 |       ||    89
         Chain mail        |    19 |   104 ||   123
  Dodge: Dodged            |    74 |    52 ||   126
  Block: Buckler           |    16 |    25 ||    41

Table legend:
 A = Non-vault XP
 B = Vault XP
 C = Vault XP percentage of total XP
 D = Non-vault monster count
 E = Vault monster count
 F = Vault count percentage of total count
                 A         B        C        D         E       F
            +---------+---------+-------+---------+---------+-------
      Total |     208 |     109 |  34.4 |      60 |      24 |  28.6
            +---------+---------+-------+---------+---------+-------
        D:1 |      54 |      19 |  26.0 |      31 |       5 |  13.9
        D:2 |     101 |      75 |  42.6 |      21 |      16 |  43.2
        D:3 |      17 |      15 |  46.9 |       7 |       3 |  30.0
        D:4 |      36 |       0 |   0.0 |       1 |       0 |   0.0
            +---------+---------+-------+---------+---------+-------
